 Dungeon Crawl Stone Soup version 0.29-a0-91-gdebf4667c2 (webtiles) character file.

Game seed: 14115348095931340661

224 enile the Skirmisher (level 6, 0/48 HPs)
             Began as a Djinni Wanderer on Feb 8, 2022.
             Was a Believer of Cheibriados.
             Slain by a kobold (3 damage)
             ... on level 4 of the Dungeon.
             The game lasted 00:08:26 (7043 turns).

enile the Skirmisher (Djinni Wanderer)              Turns: 7043, Time: 00:08:26

Health: 0/48       AC:  2    Str: 13    XL:     6   Next: 20%
Gold:   129        EV:  7    Int: 22    God:    Cheibriados [**....] SH:  5 Dex: 19

rFire   + . .      SeeInvis .   a - +0 dagger
rCold   . . .      Faith    .   b - +0 buckler
rNeg    . . .      Spirit   .   c - +0 robe
rPois   ∞          Reflect  .   (no helmet)
rElec   .          Harm     .   (no cloak)
rCorr   .          Rampage  .   (no gloves)
Will    .....                   (boots unavailable)
Stlth   ++........              (no amulet)
HPRegen 0.16/turn               n - ring of ice
MPRegen 0.00/turn               (no ring)

@: flying, hasted, constricted
A: sickness immunity, fire resistance 2, cold vulnerability 1, float, innate
caster, HP casting, extra vitality 1
a: Renounce Religion, Bend Time


You were on level 4 of the Dungeon.
You worshipped Cheibriados.
Cheibriados was pleased with you.
You visited 1 branch of the dungeon, and saw 4 of its levels.

You collected 129 gold pieces.

Inventory:

Hand Weapons
 a - a +0 dagger (weapon)
Missiles
 p - 6 poisoned darts
Armour
 b - a +0 buckler (worn)
 c - a +0 robe (worn)
Jewellery
 n - a ring of ice (left hand)
Wands
 i - a wand of polymorph (12)
Scrolls
 d - a scroll of enchant weapon {unknown}
 e - 2 scrolls of magic mapping
 g - a scroll of identify {unknown}
 h - a scroll of silence {unknown}
Potions
 l - a potion of degeneration {unknown}
 m - 2 potions of berserk rage {unknown}


   Skills:
 + Level 4.4 Fighting
 - Level 1.0 Throwing
 - Level 1.0 Armour
 - Level 2.0 Shields
 - Level 4.0 Spellcasting
 - Level 1.0 Invocations


You had 4 spell levels left.
You knew the following spells:

 Your Spells              Type           Power      Damage    Failure   Level
a - Animate Skeleton      Necr           44%        N/A       2%          1
b - Animate Dead          Necr           11%        N/A       28%         4
c - Pain                  Necr           88%        1d8       2%          1
d - Beastly Appendage     Tmut           44%        N/A       2%          1
e - Call Imp              Summ           22%        N/A       4%          2

Your spell library contained the following spells:

 Spells                   Type           Power      Damage    Failure   Level


Dungeon Overview and Level Annotations

Branches:
Dungeon (4/15)
 Temple: D:4-7

Altars:
Cheibriados
Ru

Shops:
D:3 (

Annotations:
D:3 1 runed translucent door, IdlyInterested's ghost, amateur DsWn
D:4 Pikel


Innate Abilities, Weirdness & Mutations

You are immune to sickness and miasma.
You are immune to poison.
Your flesh is very heat resistant. (rF++)
You are vulnerable to cold. (rC-)
You float through the air rather than walking.
You learn spells naturally, not from books.
Your magical power is your life essence.
You have superior vitality. (+4 MHP)


Message History

t - Shout!
Orders for allies: a - Attack new target. p - Attack previous target. r - Retreat! s - Stop attacking. g - Guard the area. f - Follow me.
Anything else - Cancel.
Gang up on whom?
Press: ? - help, Dir - move target, f/p - Pikel
Aim: Pikel, wielding a +1 whip of freezing and wearing a +0 robe Attack!
Your crimson imp hits Pikel.
Pikel hits your crimson imp with a +1 whip of freezing!
Pikel freezes your crimson imp.
Your crimson imp blinks!
Your horns disappear.
As you read the scroll of teleportation, it crumbles to dust.
You feel strangely unstable.
Your surroundings suddenly seem different.
A kobold, a ball python, an endoplasm and 2 goblins come into view.
Found 22 stones.
As you read the scroll labelled WOUDUGEIFU, it crumbles to dust.
You hear a loud clanging noise!
It was a scroll of noise.
The ball python hisses angrily.
The endoplasm quivers.
The goblin shouts!
You hear a shout! x3
You block the goblin's attack.
The ball python bites you but does no damage.
The ball python barely misses you.
It was a potion of haste.
You feel yourself speed up.
Cheibriados forgives your accidental hurry, just this once.
You block the goblin's attack. The kobold hits you but does no damage.
The ball python bites you.
* * * LOW HITPOINT WARNING * * *
The ball python grabs you. The ball python constricts you.
It was a potion of flight.
You feel more buoyant. The goblin hits you with a +0 dagger.
* * * LOW HITPOINT WARNING * * *
The kobold hits you with a +0 club.
You die...

.##.....# #.#,***,,,,,,***,,,*,*
###.....####.#'*,,,,,,***,,,***,*
,,#.5........#,,,,,,***,,,***,*,,
.,#...K......#*,,,,,,**,,**,,,*,*
..#..........##*,,,,,,**,,,,***,*
..#...555....#.#*,,,,,,**,,**,*,*
..+.....J>...#(.##,,,,,,**,,,,*,*
..#..........##gK##,,,,,,**,,**,*
,,#.5........#..@S#*,,,,,,**,,*,*
,,#..........#.##J.#*,,,,,,**,*,*
,,######.....#**,.g.#*,,,,,,***,*
,,* #.....#,,,##..#*,,,,,,**,*
,,* ####..#,***,..#**,,,,,,*,*
,,* *..#**,,,*##,,,,,,*+*,* ,,*
*,.#,,,***,,,,,,***,*,*
***********,,*,***,,,,,,***,,,*,*
,,,,,,,,,,,,,*+*,,,,,,***,,,,**,*


You could see an endoplasm, 2 goblins, a ball python and a kobold.

Vanquished Creatures
  A bullfrog skeleton (D:3)
  Natasha (thrice) (D:2)
  Robin (D:4)
  3 adders
  A worm (D:2)
  A dart slug (D:2)
  4 ball pythons
  3 bats
  10 endoplasms
  5 giant cockroaches
  10 goblins
  5 hobgoblins
  6 jackals (D:1)
  5 kobolds
  3 quokkas
  3 frilled lizards (D:1)
  3 rats
67 creatures vanquished.

Vanquished Creatures (collateral kills)
  An endoplasm (D:1)
  A hobgoblin (D:3)
  2 jackals (D:1)
4 creatures vanquished.

Vanquished Creatures (others)
  A fungus (D:2)
  13 plants
14 creatures vanquished.

Grand Total: 85 creatures vanquished

Notes
Turn   | Place    | Note
-------+----------+-------------------------------------------
     0 | D:1      | enile the Djinni Wanderer began the quest for the Orb.
     0 | D:1      | Reached XP level 1. HP: 17/17 MP: 0/0
  1155 | D:1      | Reached XP level 2. HP: 21/23 MP: 0/0
  1834 | D:1      | Reached XP level 3. HP: 24/29 MP: 0/0
  1834 | D:1      | Learned a level 1 spell: Beastly Appendage
  3169 | D:2      | Reached XP level 4. HP: 22/35 MP: 0/0
  3685 | D:2      | Found a faded altar of an unknown god.
  3736 | D:2      | Prayed at the altar of an unknown god.
  3736 | D:2      | Became a worshipper of Cheibriados the Contemplative
  3736 | D:2      | Reached * piety under Cheibriados
  5165 | D:2      | Noticed Natasha
  5175 | D:2      | Killed Natasha
  5176 | D:2      | Reached XP level 5. HP: 36/40 MP: 0/0
  5176 | D:2      | Learned a level 2 spell: Call Imp
  5225 | D:2      | Noticed Natasha
  5233 | D:2      | Killed Natasha
  5639 | D:2      | Noticed Natasha
  5651 | D:2      | Killed Natasha
  5963 | D:3      | Found a runed translucent door.
  5969 | D:3      | Noticed IdlyInterested's ghost (amateur DsWn)
  5983 | D:3      | Reached XP level 6. HP: 16/47 MP: 0/0
  6348 | D:3      | Reached ** piety under Cheibriados
  6361 | D:3      | Found Pidisae's Antique Weapon Shop.
  6741 | D:4      | Noticed Robin
  6744 | D:4      | Killed Robin
  6967 | D:4      | Noticed Pikel
  6978 | D:4      | Found a sacrificial altar of Ru.
  7026 | D:4      | HP: 1/48 [adder (5)]
  7043 | D:4      | Slain by a kobold

Illustrated notes

Levels and vault maps discovered:
D:1:      dpeg_arrival_rooms_a, layout_loops_cross, minivault_27,
          serial_bayou_pond_c, corexii_hall_statues_l, minivault_23,
          minmay_strange_pillars
D:2:      layout_rooms, dreamdust_ecumenical_altar_grove,
          kennysheep_generic_room_12, uniq_natasha
D:3:      layout_loops_cross, ebering_ghost_inner_flame, serial_shops, shop
D:4:      minmay_razor_zed, layout_basic, overflow_temple_1_default,
          minivault_14, uniq_robin, uniq_pikel

Skill      XL: |  1  2  3  4  5 |
---------------+----------------+-----
Fighting       | 2 3 4 |  4.4
Spellcasting   | 4 |  4.0
Shields        | 2 |  2.0
Throwing       | |  1.0
Armour         | |  1.0
Invocations    | |  1.0

Action                   |  1- 3 |  4- 6 || total
-------------------------+-------+-------++-------
Melee: Dagger            |    55 |    72 ||   127
       Headbutt          |     1 |     7 ||     8
       Unarmed           |       |     8 ||     8
 Cast: Pain              |    45 |    70 ||   115
       Animate Skeleton  |     1 |       ||     1
       Beastly Appendage |     3 |     7 ||    10
       Animate Dead      |       |     2 ||     2
       Call Imp          |       |     5 ||     5
  Use: Scroll            |       |     6 ||     6
       Potion            |       |     2 ||     2
Armor: Robe              |    12 |    33 ||    45
       Skin              |       |     2 ||     2
Dodge: Dodged            |    45 |    80 ||   125
Block: Buckler           |     9 |    27 ||    36

Table legend: (Time is in decaauts)
 A = Elapsed time spent in this place.
 B = Non-inter-level travel time spent in this place.
 C = Inter-level travel time spent in this place.
 D = Time resting spent in this place.
 E = Time spent auto-exploring this place.
 F = Levels seen in this place.
 G = Mean time per level.
                   A        B        C        D        E       F      G
               +--------+--------+--------+--------+--------+-----+--------+
         Total |   7602 |   7442 |    160 |    516 |   5883 |   4 | 1900.5 |
       Dungeon |   7602 |   7442 |    160 |    516 |   5883 |   4 | 1900.5 |
               +--------+--------+--------+--------+--------+-----+--------+

Top non-repeatable levels by time:
     D:1: 3562 daAuts
     D:2: 2345 daAuts
     D:3: 1342 daAuts
     D:4: 351 daAuts
